 Dungeon Crawl Stone Soup version 0.19.1-1-g22dce08 (webtiles) character file.

39 wim the Ducker (level 3, 0/27 HPs)
             Began as a Vampire Gladiator on Dec 28, 2016.
             Slain by a bat (1 damage)
             ... on level 2 of the Dungeon.
             The game lasted 00:08:04 (1131 turns).

wim the Ducker (Vampire Gladiator)                  Turns: 1131, Time: 00:08:04

Health: 0/27       AC:  0    Str: 15    XL:     3   Next: 28%
Magic:  3/3        EV: 22    Int: 10    God:
Gold:   25         SH:  0    Dex: 19    Spells: 0 memorised, 2 levels left

rFire  . . .     SeeInvis +     (weapon currently unavailable)
rCold  + . .     Gourm    .     (armour currently unavailable)
rNeg   + + .     Faith    .     (shield currently unavailable)
rPois  +         Spirit   .     (helmet currently unavailable)
rElec  .         Reflect  .     (cloak currently unavailable)
rCorr  .         Harm     .     (gloves currently unavailable)
MR     .....                    (boots currently unavailable)
Stlth  ++++......               (no amulet)
                                (ring currently unavailable)
                                (ring currently unavailable)

@: bat-form, flying, regenerating slowly, very quick
A: fangs 3, see invisible, (unbreathing)
a: End Transformation


You were on level 2 of the Dungeon.
You were thirsty.
You were in vampire-bat-form.
You visited 1 branch of the dungeon, and saw 2 of its levels.

You collected 25 gold pieces.

Inventory:

Hand Weapons
 a - a +0 long sword
 h - a +0 dagger
 k - a +0 spear
 m - a +0 club
 n - a +0 falchion (melded)
 s - a +0 dagger
 t - a +0 hunting sling
Missiles
 d - 3 throwing nets (quivered)
 u - 38 stones
Armour
 b - a +0 leather armour (melded)
 c - a +0 helmet (melded)
 i - a +0 leather armour
 q - a +0 ring mail
Jewellery
 r - an uncursed ring of positive energy {unknown}
Scrolls
 f - a scroll of identify {unknown}
 g - 2 scrolls of remove curse {unknown}
Potions
 e - 2 potions of blood
 j - 2 potions of cure mutation {unknown}
 l - a potion of agility {unknown}
 p - a potion of curing {unknown}
Comestibles
 o - a bread ration


   Skills:
 + Level 2.0 Fighting
 + Level 3.3 Long Blades
 + Level 1.7 Throwing
 + Level 0.7 Armour
 + Level 4.0 Dodging
 + Level 0.4 Stealth
 + Level 0.2 Unarmed Combat


You had 2 spell levels left.
You didn't know any spells.

Dungeon Overview and Level Annotations

Branches:
Dungeon (2/15)

Altars:
Okawaru
Xom


Innate Abilities, Weirdness & Mutations

You heal slowly.
You have razor-sharp teeth.
You have supernaturally acute eyesight. (SInv)
((You can survive without breathing.))


Message History

The gnoll hits you from afar with a spear.
* * * LOW HITPOINT WARNING * * *
The bat misses you. The bat closely misses you. The gnoll misses you.
The bat hits you.
* * * LOW HITPOINT WARNING * * *
The gnoll completely misses you. The bat misses you.
The gnoll completely misses you.
Found a leather armour and a scroll labeled GOMPOY ETOOWE.
The bat completely misses you. The bat barely misses you. The bat hits you.
* * * LOW HITPOINT WARNING * * *
The bat hits you.
* * * LOW HITPOINT WARNING * * *
The bat misses you. The bat barely misses you. The bat misses you.
The bat hits you.
You die...

#### #######
...#############.....#
^....................#
_^.#############.#######
^..# #.......# ...#
#.......# ...#
#.#.######## ...#
#.#b.......# #......#
### #.#b.....#. ........
....#.#.[....# ........
.............# ...###.#
###.##..####.# %.... .#
#...#..#.# .....#
#.#.#g#..#.# # .....#
#....gg..#.#.#
#######...<#.#.#


You could see 3 gnolls and a bat.

Vanquished Creatures
  A gnoll (D:1)
  A worm (D:2)
  A dart slug (D:2)
  4 bats
  6 goblins
  4 hobgoblins (D:1)
  2 kobolds
  4 rats
23 creatures vanquished.

Notes
Turn   | Place    | Note
-------+----------+-------------------------------------------
     0 | D:1      | wim the Vampire Gladiator began the quest for the Orb.
     0 | D:1      | Reached XP level 1. HP: 16/16 MP: 1/1
   376 | D:1      | Reached XP level 2. HP: 20/22 MP: 2/2
   487 | D:1      | Found an iron altar of Okawaru.
   840 | D:2      | Reached XP level 3. HP: 20/27 MP: 3/3
   874 | D:2      | Reached skill level 4 in Dodging
  1010 | D:2      | Found a shimmering altar of Xom.
  1126 | D:2      | HP: 1/27 [bat (1)]
  1131 | D:2      | Slain by a bat

Skill      XL: |  1  2  3 |
---------------+----------+-----
Fighting       | 2 |  2.0
Dodging        | 4 |  4.0
Long Blades    | |  3.3
Throwing       | |  1.7
Armour         | |  0.7
Stealth        | |  0.4
Unarmed Combat | |  0.2

Action                   || total
-------------------------++-------
Melee: Long sword        ||    32
       Bite              ||    16
       Falchion          ||    12
       Unarmed           ||    61
 Abil: Bat Form          ||     1
 Stab: Sleeping          ||     5
Armor: Leather armour    ||    26
Dodge: Dodged            ||   100
       Rpst.: Long sword ||     7
       Falchion          ||     5
